Match 33851243
Unlisted

Match 33851243
End
Construct Barracks
Construct Barracks
Riflemen Squad
Riflemen Squad
Riflemen Squad
Grenade Package
Selects Advanced Infantry Battlegroup
Selects Convert to Ranger Squad
Convert to Ranger Squad
1⁄4-ton 4x4 Truck
Infantry Support Center
Advanced Logistics
Selects Frontline Medical Station
Frontline Medical Station
Convert to Ranger Squad
Munitions Surplus
Riflemen Squad
Survival Training
Construct Weapon Support Center
Improved M9 Bazooka Rockets
Convert to Ranger Squad
Selects Ranger Weapon Training
Selects Ammunition Storage
Selects M2A1 105mm Howitzer Emplacement
Engineer Squad
Bruistablet
smg.GLORYnHALLELUJA
符文杰奇洛
Professor gibberish
Howdenn
Doug Dimmadome
Vicjo
Ahm
0
0

Comments sign in to comment!

No comments posted yet!